 Dungeon Crawl Stone Soup version 0.30-a0-373-gd37427bb62 (webtiles) character file.

Game seed: 5475854730416651513

267 funkygono the Firebug (level 6, -7/41 HPs)
             Began as a Demonspawn Fire Elementalist on Nov 23, 2022.
             Mangled by a gnoll
             ... wielding a +0 halberd
              (9 damage)
             ... on level 4 of the Dungeon.
             The game lasted 00:05:11 (4192 turns).

funkygono the Firebug (DsFE)                        Turns: 4192, Time: 00:05:12

Health: -7/41      AC:  2    Str:  8    XL:     6   Next: 0%
Magic:  5/11       EV: 12    Int: 18    God:
Gold:   189        SH:  0    Dex: 14    Spells: 6/12 levels left

rFire   . . .      SeeInvis .    k - +0 morningstar (drain)
rCold   . . .      Faith    .    (no shield)
rNeg    . . .      Spirit   .    a - +0 robe
rPois   .          Reflect  .    (helmet restricted)
rElec   .          Harm     .    (no cloak)
rCorr   .          Rampage  .    (no gloves)
Will    +....                    (no boots)
Stlth   ++........               (no amulet)
HPRegen 0.26/turn                c - ring of willpower
MPRegen 0.12/turn                (no ring)

@: no status effects
A: horns 1, demonic guardian 1
a: no special abilities


You were on level 4 of the Dungeon.
You visited 1 branch of the dungeon, and saw 4 of its levels.

You collected 189 gold pieces.

Inventory:

Hand Weapons
 e - a +0 whip
 k - a +0 morningstar of draining (weapon)
Missiles
 w - a throwing net
Armour
 a - a +0 robe (worn)
 o - a +0 leather armour
 A - the +7 plate armour "Damnable Contraption" {Fly Str+3 Stlth+}
   (You took it off a hobgoblin on level 4 of the Dungeon)

   Str:       It affects your strength (+3).
   Fly:       It grants you flight.
   Stlth:     It makes you more stealthy.
Jewellery
 c - a ring of willpower (left hand)
 f - an amulet of the acrobat
Scrolls
 g - a scroll of immolation {unknown}
 j - 2 scrolls of butterflies {unknown}
 n - 2 scrolls of enchant armour {unknown}
 p - 3 scrolls of identify {unknown}
 r - a scroll of magic mapping {unknown}
 s - a scroll of blinking {unknown}
 u - 2 scrolls of amnesia {unknown}
 v - a scroll of vulnerability {unknown}
 y - a scroll of poison {unknown}
 z - 2 scrolls of teleportation {unknown}
Potions
 b - a potion of magic
 d - a potion of invisibility {unknown}
 h - 3 potions of flight {unknown}
 i - 5 potions of curing {unknown}
 l - 6 potions of attraction {unknown}
 m - a potion of mutation {unknown}
 q - a potion of lignification {unknown}
 t - a potion of degeneration {unknown}
 x - a potion of haste {unknown}


   Skills:
 + Level 0.2 Fighting
 + Level 0.8 Maces & Flails
 + Level 2.3 Dodging
 - Level 1.7 Stealth
 + Level 3.5 Spellcasting
 + Level 2.4 Conjurations
 + Level 4.3 Fire Magic


You had 6 spell levels left.
You knew the following spells:

 Your Spells              Type           Power      Damage    Failure   Level
a - Foxfire               Conj/Fire      60%        2x1d7     3%          1
b - Scorch                Fire           38%        2d6       3%          2
c - Kindle Blastsparks    Fire/Tloc/Air  16%        2d11      26%         3

Your spell library contained the following spells:

 Spells                   Type           Power      Damage    Failure   Level
 Kiss of Death            Conj/Necr      28%        2d7       10%         1
 Inner Flame              Hex/Fire       11%        N/A       19%         3
 Flame Wave               Conj/Fire      15%        2d7       36%         4
 Confusing Touch          Hex            3%         N/A       43%         3
 Dispel Undead            Necr           3%         3d7       83%         4


Dungeon Overview and Level Annotations

Branches:
Dungeon (4/15)
 Temple: D:4-7

Altars:


Innate Abilities, Weirdness & Mutations

You have a pair of small horns on your head.
A weak demonic guardian rushes to your aid.


Message History

The orc barely misses you. The gnoll barely misses you.
Unknown command.
Unknown command.
Casting: Foxfire (safe; 3% risk of failure)
Confirm with . or Enter, or press ? or * to list all spells.
You conjure some foxfire!
The foxfire hits the orc.
You kill the orc!
The foxfire hits the kobold.
You kill the kobold!
A goblin comes into view. It is wielding a +0 club.
The gnoll hits you with a +0 halberd!
* * * LOW HITPOINT WARNING * * *
You have reached level 6!
Casting: Foxfire (safe; 3% risk of failure)
Confirm with . or Enter, or press ? or * to list all spells.
You conjure some foxfire!
The foxfire hits the gnoll but does no damage.
The gnoll misses you.
An orc comes into view. It is wielding a +0 short sword.
Casting: Foxfire (safe; 3% risk of failure)
Confirm with . or Enter, or press ? or * to list all spells.
Okay, then.
Your foxfire dissipates!
The foxfire hits the goblin.
The goblin is heavily wounded.
The gnoll hits you with a +0 halberd.
* * * LOW HITPOINT WARNING * * *
A demonic guardian appears!
The goblin closely misses your shadow imp.
Casting: Foxfire (safe; 3% risk of failure)
Confirm with . or Enter, or press ? or * to list all spells.
Okay, then.
The goblin hits your shadow imp with a +0 club.
The gnoll hits you from afar with a +0 halberd.
* * * LOW HITPOINT WARNING * * *
Your shadow imp hits the goblin.
The goblin dies!
Your shadow imp hits the gnoll.
The gnoll hits you from afar with a +0 halberd!
You die...

...###.)....###...##.#..#
#≈....
........................#
#≈..).
..####..#######.........#
#≈.♣.. ..# #..#
#..########..# #≈.... ..#
#### ..+ #..####≈≈≈.. ..#
##'# #.....####'' .#####
##'#.)#### ##.##.#.# #..
.#)..# #..o.gg..#
#.....#.###.#
.'...+.....##'##@+
#..####...†.. .#####..##
#.Kg#.#####.## #######
..# . #...#..#.(#..## ..#
#...#..)).#...# ..##
#####.#####.#.# ...#
#..').#..#.######## ..P#
#..#.)#..#......... .###
#####+#.#####..#.########
.# ........#.(#P..#.#


You could see a gnoll, an orc and a goblin.

Vanquished Creatures
  A howler monkey (D:4)
  An iguana (D:4)
  An orc wizard (D:4)
  4 adders
  A gnoll (D:4)
  A worm (D:4)
  16 orcs (D:4)
  11 ball pythons
  4 endoplasms
  3 giant cockroaches
  8 goblins
  10 hobgoblins
  4 quokkas
  4 bats
  3 frilled lizards
  16 kobolds
  3 rats
91 creatures vanquished.

Vanquished Creatures (collateral kills)
  A gnoll (D:4)
  An adder (D:4)
  A goblin (D:4)
  2 kobolds (D:4)
5 creatures vanquished.

Vanquished Creatures (others)
  226 foxfires
226 creatures vanquished.

Grand Total: 322 creatures vanquished

Notes
Turn   | Place    | Note
-------+----------+-------------------------------------------
     0 | D:1      | funkygono the Demonspawn Fire Elementalist began the quest
                  | for the Orb.
     0 | D:1      | Reached XP level 1. HP: 13/13 MP: 3/3
   290 | D:1      | Reached skill level 3 in Fire Magic
   462 | D:1      | Gained mutation: You have a pair of small horns on your
                  | head. [demonic ancestry]
   462 | D:1      | Reached XP level 2. HP: 19/19 MP: 1/5
   465 | D:1      | Learned a level 2 spell: Scorch
  1174 | D:2      | Gained mutation: A weak demonic guardian rushes to your
                  | aid. [demonic ancestry]
  1174 | D:2      | Reached XP level 3. HP: 24/24 MP: 1/6
  1178 | D:2      | Learned a level 3 spell: Kindle Blastsparks
  1874 | D:2      | Found a faded altar of an unknown god.
  2558 | D:3      | Reached XP level 4. HP: 29/30 MP: 5/8
  3212 | D:4      | Reached XP level 5. HP: 31/35 MP: 2/9
  3376 | D:4      | Reached skill level 4 in Fire Magic
  3732 | D:4      | Identified the +7 plate armour "Damnable Contraption" {Fly
                  | Str+3 Stlth+}
  4187 | D:4      | Reached XP level 6. HP: 11/41 MP: 5/11
  4189 | D:4      | HP: 1/41 [gnoll/+0 halberd (5)]
  4192 | D:4      | Mangled by a gnoll

Illustrated notes

Levels and vault maps discovered:
D:1:      onia_arrival_pentagram, layout_loops_ring, dk_noncrumbling_2
D:2:      layout_loops_ring, hellmonk_ecumenical_altar_inner_sanctum
D:3:      layout_loops_ring
D:4:      corexii_shantytown, layout_loops_ring, kennysheep_generic_room_6

Skill      XL: |  1  2  3  4  5 |
---------------+----------------+-----
Fire Magic     | 3 4 |  4.3
Dodging        | 2 |  2.3
Conjurations   | 2 |  2.4
Spellcasting   | 3 |  3.5
Fighting       | |  0.2
Maces & Flails | |  0.8
Stealth        | |  1.7

Action                   |  1- 3 |  4- 6 || total
-------------------------+-------+-------++-------
Melee: Whip              |     3 |       ||     3
       Morningstar       |       |    22 ||    22
       Headbutt          |       |     3 ||     3
 Cast: Foxfire           |    58 |    72 ||   130
       Scorch            |     8 |    15 ||    23
Armor: Robe              |     2 |     4 ||     6
Dodge: Dodged            |    11 |    23 ||    34

Table legend: (Time is in decaauts)
 A = Elapsed time spent in this place.
 B = Non-inter-level travel time spent in this place.
 C = Inter-level travel time spent in this place.
 D = Time resting spent in this place.
 E = Time spent auto-exploring this place.
 F = Levels seen in this place.
 G = Mean time per level.
                   A        B        C        D        E       F      G
               +--------+--------+--------+--------+--------+-----+--------+
         Total |   4202 |   4106 |     96 |      0 |   3515 |   4 | 1050.5 |
       Dungeon |   4202 |   4106 |     96 |      0 |   3515 |   4 | 1050.5 |
               +--------+--------+--------+--------+--------+-----+--------+

Top non-repeatable levels by time:
     D:4: 1218 daAuts
     D:1: 1131 daAuts
     D:2: 931 daAuts
     D:3: 921 daAuts
